TOP OF THE 1ST |
Mile High Broncos batting - Pitching for District 9 Prawns : LHP Nelson Béltre
|
Pitching: LHP Nelson Béltre
|
|
Batting: LHB Ernesto López
|
0-0: Ball 1-0: Swinging Strike 1-1: Swinging Strike 1-2: Foul Ball, location: 2F 1-2: Ball 2-2: SINGLE (Line Drive, 8LS)
|
Batting: RHB Evan Robinson
|
0-0: Called Strike 0-1: Ball 1-1: Foul Ball, location: 2F 1-2: Foul Ball, location: 2F 1-2: 2-RUN HOME RUN (Flyball, 7LD), Distance : 383 ft
|
Batting: LHB Dave Cook
|
0-0: Ball 1-0: Ball 2-0: Foul Ball, location: 2F 2-1: Swinging Strike 2-2: Strikes out swinging
|
Batting: RHB David Moran
|
0-0: Ball 1-0: Ball 2-0: Called Strike 2-1: Ball 3-1: Swinging Strike 3-2: Fly out, F8 (Flyball, 8RD)
|
Batting: RHB Jeff Packard
|
0-0: Called Strike 0-1: Ball 1-1: Ball 2-1: Foul Ball, location: 2F 2-2: Ground out 6-3 (Groundball, 6)
|
Top of the 1st over - 2 run(s), 2 hit(s), 0 error(s), 0 left on base; Mile High 2 - District 9 0 |
BOTTOM OF THE 1ST |
District 9 Prawns batting - Pitching for Mile High Broncos : RHP Brandon Mitchell
|
Pitching: RHP Brandon Mitchell
|
|
Batting: SHB José Estreito
|
0-0: Bunt for hit - play at first, batter safe!
|
Batting: RHB José Colón
|
0-0: Ball 1-0: Called Strike 1-1: SINGLE (Line Drive, 7LS) José Estreito to second
|
Batting: RHB Felipe Jareńo
|
0-0: Ball 1-0: Foul Ball, location: 2F 1-1: Ball 2-1: Called Strike 2-2: Ball 3-2: Foul Ball, location: 2F 3-2: Foul Ball, location: 2F 3-2: Foul Ball, location: 2F 3-2: Base on Balls José Estreito to third José Colón to second
|
Batting: RHB Jesús Cruz
|
0-0: Fly out, F1 (Line Drive, 15)
|
Batting: RHB Reynold Akker
|
0-0: Called Strike 0-1: Called Strike 0-2: GRAND SLAM HOME RUN (Flyball, 7D), Distance : 404 ft
|
Batting: LHB Al Bartlett
|
0-0: Ball 1-0: Ground out U3 (Groundball, 3S)
|
Batting: RHB Gil Palmer
|
0-0: Ball 1-0: Ground out 1-3 (Groundball, 13)
|
Bottom of the 1st over - 4 run(s), 3 hit(s), 0 error(s), 0 left on base; Mile High 2 - District 9 4 |
TOP OF THE 2ND |
Mile High Broncos batting - Pitching for District 9 Prawns : LHP Nelson Béltre
|
Batting: RHB Luis Alvarado
|
0-0: Ball 1-0: Called Strike 1-1: Foul Ball, location: 2F 1-2: Ball 2-2: Ball 3-2: Foul Ball, location: 2F 3-2: SINGLE (Groundball, 56S) (infield hit)
|
Batting: RHB Rodney González
|
0-0: Ball 1-0: Foul Ball, location: 2F 1-1: Ball 2-1: SINGLE (Line Drive, 4MD) Luis Alvarado to second
|
Batting: RHB Edward Williams
|
0-0: Swinging Strike 0-1: Called Strike 0-2: Fly out, F8 (Flyball, 8RM)
|
Batting: SHB Pedro Martínez
|
0-0: Swinging Strike 0-1: Ball 1-1: Called Strike 1-2: Strikes out looking
|
Batting: LHB Ernesto López
|
0-0: Foul Ball, location: 2F 0-1: Ball 1-1: Called Strike 1-2: Ball 2-2: SINGLE (Flyball, 78S) Luis Alvarado to third Rodney González to second Runner from 3rd tries for Home, SAFE, no throw
|
Batting: RHB Evan Robinson
|
0-0: Ball 1-0: Ball 2-0: Fly out, F8 (Flyball, 89S)
|
Top of the 2nd over - 1 run(s), 3 hit(s), 0 error(s), 2 left on base; Mile High 3 - District 9 4 |
BOTTOM OF THE 2ND |
District 9 Prawns batting - Pitching for Mile High Broncos : RHP Brandon Mitchell
|
Batting: LHB Culley Vaughan
|
0-0: Fly out, F7 (Flyball, 7)
|
Batting: RHB Phil Jacobs
|
0-0: SINGLE (Line Drive, 89M)
|
Batting: SHB José Estreito
|
0-0: Called Strike 0-1: Ball 1-1: Ball 2-1: Called Strike 2-2: Ball Wild Pitch! Phil Jacobs to second 3-2: SINGLE (Groundball, 6MD) Phil Jacobs to third
|
Batting: RHB José Colón
|
0-0: Ball 1-0: DOUBLE (Line Drive, 9LM) Phil Jacobs scores José Estreito to third Runner from 3rd tries for Home, SAFE, no throw
|
Batting: RHB Felipe Jareńo
|
0-0: Called Strike 0-1: Foul Ball, location: 2F 0-2: Foul Ball, location: 2F 0-2: DOUBLE (Line Drive, 5D) José Colón scores
|
Pitching: LHP Domingo Morales
|
|
Batting: RHB Jesús Cruz
|
0-0: Fly out, F8 (Flyball, 89M)
|
Batting: RHB Reynold Akker
|
0-0: Foul Ball, location: 2F 0-1: Swinging Strike 0-2: 2-RUN HOME RUN (Flyball, 9D), Distance : 390 ft
|
Batting: LHB Al Bartlett
|
0-0: Ball 1-0: Foul Ball, location: 2F 1-1: SINGLE (Groundball, 34D)
|
Batting: RHB Gil Palmer
|
0-0: Called Strike 0-1: Ball 1-1: SINGLE (Groundball, 56) (infield hit) Al Bartlett to second
|
Batting: LHB Culley Vaughan
|
0-0: Ball 1-0: Ball 2-0: Foul Ball, location: 2F 2-1: Ball 3-1: Swinging Strike 3-2: Ground out 4-3 (Groundball, 4)
|
Bottom of the 2nd over - 5 run(s), 7 hit(s), 0 error(s), 2 left on base; Mile High 3 - District 9 9 |
TOP OF THE 3RD |
Mile High Broncos batting - Pitching for District 9 Prawns : LHP Nelson Béltre
|
Batting: LHB Dave Cook
|
0-0: Ball 1-0: Called Strike 1-1: Ball 2-1: Swinging Strike 2-2: Strikes out swinging
|
Batting: RHB David Moran
|
0-0: Foul Ball, location: 2F 0-1: Foul Ball, location: 2F 0-2: Foul Ball, location: 2F 0-2: Fly out, F9 (Flyball, 9)
|
Batting: RHB Jeff Packard
|
0-0: Ground out U3 (Groundball, 34S)
|
Top of the 3rd over - 0 run(s), 0 hit(s), 0 error(s), 0 left on base; Mile High 3 - District 9 9 |
BOTTOM OF THE 3RD |
District 9 Prawns batting - Pitching for Mile High Broncos : LHP Domingo Morales
|
Batting: RHB Phil Jacobs
|
0-0: Ball 1-0: Called Strike 1-1: Swinging Strike 1-2: Foul Ball, location: 2F 1-2: Ground out U3 (Groundball, 34)
|
Batting: SHB José Estreito
|
0-0: Called Strike 0-1: Ball 1-1: Ball 2-1: SINGLE (Line Drive, 9LM)
|
Batting: RHB José Colón
|
0-0: Called Strike 0-1: Fly out, F7 (Flyball, 7)
|
Batting: RHB Felipe Jareńo
|
0-0: Called Strike José Estreito steals 2nd base 0-1: Foul Ball, location: 2F 0-2: DOUBLE (Line Drive, 7LM) José Estreito scores
|
Batting: RHB Jesús Cruz
|
0-0: Called Strike 0-1: Ball 1-1: Ball 2-1: 2-RUN HOME RUN (Flyball, 7D), Distance : 408 ft
|
Batting: RHB Reynold Akker
|
0-0: Foul Ball, location: 2F 0-1: Called Strike 0-2: Ball 1-2: Ball 2-2: Ball 3-2: Base on Balls
|
Pitching: LHP Juan Garza
|
|
Batting: LHB Al Bartlett
|
0-0: Called Strike 0-1: Ball 1-1: Ball 2-1: Called Strike 2-2: Strikes out looking
|
Bottom of the 3rd over - 3 run(s), 3 hit(s), 0 error(s), 1 left on base; Mile High 3 - District 9 12 |
TOP OF THE 4TH |
Mile High Broncos batting - Pitching for District 9 Prawns : LHP Nelson Béltre
|
Batting: RHB Luis Alvarado
|
0-0: Foul Ball, location: 2F 0-1: Swinging Strike 0-2: Ball 1-2: Ball 2-2: Strikes out looking
|
Batting: RHB Rodney González
|
0-0: Called Strike 0-1: Swinging Strike 0-2: Ball 1-2: Strikes out looking
|
Batting: RHB Edward Williams
|
0-0: Ball 1-0: SINGLE (Flyball, 78S)
|
Batting: SHB Pedro Martínez
|
0-0: Ball 1-0: Reached on error, E6 (Groundball, 6) Edward Williams to second
|
Batting: LHB Ernesto López
|
0-0: Swinging Strike 0-1: Foul Ball, location: 2F 0-2: Fly out, F8 (Flyball, 8LS)
|
Top of the 4th over - 0 run(s), 1 hit(s), 1 error(s), 2 left on base; Mile High 3 - District 9 12 |
BOTTOM OF THE 4TH |
District 9 Prawns batting - Pitching for Mile High Broncos : LHP Juan Garza
|
Batting: RHB Gil Palmer
|
0-0: Swinging Strike 0-1: Called Strike 0-2: Ball 1-2: Ground out 6-3 (Groundball, 6)
|
Batting: LHB Culley Vaughan
|
0-0: Swinging Strike 0-1: Ball 1-1: Foul Ball, location: 2F 1-2: Ball 2-2: Foul Ball, location: 2F 2-2: Strikes out swinging
|
Batting: RHB Phil Jacobs
|
0-0: Ball 1-0: Ball 2-0: Foul Ball, location: 2F 2-1: Fly out, F6 (Popup, 6)
|
Bottom of the 4th over - 0 run(s), 0 hit(s), 0 error(s), 0 left on base; Mile High 3 - District 9 12 |
TOP OF THE 5TH |
Mile High Broncos batting - Pitching for District 9 Prawns : LHP Nelson Béltre
|
Batting: RHB Evan Robinson
|
0-0: SINGLE (Line Drive, 6D)
|
Batting: LHB Dave Cook
|
0-0: Ball Pickoff Throw to First - Out! 1-0: Swinging Strike 1-1: Foul Ball, location: 2F 1-2: Fly out, F8 (Flyball, 8LM)
|
Batting: RHB David Moran
|
0-0: Called Strike 0-1: Ball 1-1: Called Strike 1-2: Ball 2-2: Foul Ball, location: 2F 2-2: Foul Ball, location: 2F 2-2: Ground out 5-3 (Groundball, 56S)
|
Top of the 5th over - 0 run(s), 1 hit(s), 0 error(s), 0 left on base; Mile High 3 - District 9 12 |
BOTTOM OF THE 5TH |
District 9 Prawns batting - Pitching for Mile High Broncos : LHP Juan Garza
|
Batting: SHB José Estreito
|
0-0: Ball 1-0: Called Strike 1-1: Ground out 3-1 (Groundball, 34S)
|
Batting: RHB José Colón
|
0-0: Ball 1-0: Ball 2-0: Called Strike 2-1: Ground out 5-3 (Groundball, 5)
|
Batting: RHB Felipe Jareńo
|
0-0: Ball 1-0: Ball 2-0: Called Strike 2-1: Foul Ball, location: 2F 2-2: Ball 3-2: Base on Balls
|
Batting: RHB Jesús Cruz
|
0-0: Called Strike 0-1: Called Strike 0-2: Ground out 1-3 (Groundball, P)
|
Bottom of the 5th over - 0 run(s), 0 hit(s), 0 error(s), 1 left on base; Mile High 3 - District 9 12 |
TOP OF THE 6TH |
Mile High Broncos batting - Pitching for District 9 Prawns : LHP Nelson Béltre
|
Batting: RHB Jeff Packard
|
0-0: DOUBLE (Line Drive, 78D)
|
Pinch Runner at 2nd Tony Báez:
|
|
Batting: RHB Luis Alvarado
|
0-0: Called Strike 0-1: Ball 1-1: Foul Ball, location: 2F 1-2: Ball 2-2: Strikes out swinging
|
Batting: RHB Rodney González
|
0-0: Foul Ball, location: 2F 0-1: DOUBLE (Line Drive, 7LM) Tony Báez scores
|
Pitching: RHP Fernando Mendoza
|
|
Batting: RHB Edward Williams
|
0-0: Swinging Strike 0-1: Swinging Strike 0-2: Strikes out swinging
|
Batting: SHB Pedro Martínez
|
0-0: Ball 1-0: Ball 2-0: Foul Ball, location: 2F 2-1: Foul Ball, location: 2F 2-2: Strikes out looking
|
Top of the 6th over - 1 run(s), 2 hit(s), 0 error(s), 1 left on base; Mile High 4 - District 9 12 |
BOTTOM OF THE 6TH |
District 9 Prawns batting - Pitching for Mile High Broncos : LHP Juan Garza
|
Now in RF: Tony Báez
|
|
Batting: RHB Reynold Akker
|
0-0: Foul Ball, location: 2F 0-1: Ball 1-1: Ball 2-1: Ball 3-1: Base on Balls
|
Batting: LHB Al Bartlett
|
0-0: Called Strike 0-1: Foul Ball, location: 2F 0-2: Ball 1-2: Ball 2-2: Ball 3-2: Strikes out swinging
|
Batting: RHB Gil Palmer
|
0-0: Ball 1-0: Called Strike 1-1: Ball 2-1: Grounds into double play, 6-4-3 (Groundball, 6)
|
Bottom of the 6th over - 0 run(s), 0 hit(s), 0 error(s), 0 left on base; Mile High 4 - District 9 12 |
TOP OF THE 7TH |
Mile High Broncos batting - Pitching for District 9 Prawns : RHP Fernando Mendoza
|
Batting: LHB Ernesto López
|
0-0: Ball 1-0: Swinging Strike 1-1: Fly out, F7 (Flyball, 7)
|
Batting: RHB Evan Robinson
|
0-0: Ground out 5-3 (Groundball, 5)
|
Batting: LHB Dave Cook
|
0-0: Foul Ball, location: 2F 0-1: Foul Ball, location: 2F 0-2: DOUBLE (Flyball, 8RXD)
|
Batting: RHB David Moran
|
0-0: Ball 1-0: Swinging Strike 1-1: Called Strike 1-2: Ball 2-2: Ball 3-2: DOUBLE (Line Drive, 9LM) Dave Cook scores
|
Batting: LHB Tony Báez
|
0-0: Fly out, F9 (Line Drive, 9D)
|
Top of the 7th over - 1 run(s), 2 hit(s), 0 error(s), 1 left on base; Mile High 5 - District 9 12 |
BOTTOM OF THE 7TH |
District 9 Prawns batting - Pitching for Mile High Broncos : LHP Juan Garza
|
Batting: LHB Culley Vaughan
|
0-0: Ball 1-0: Ball 2-0: Ball 3-0: Called Strike 3-1: Base on Balls
|
Pitching: RHP Hokusai Nakashima
|
|
Batting: RHB Phil Jacobs
|
0-0: Ball 1-0: Called Strike 1-1: Foul Ball, location: 2F 1-2: Ball 2-2: Strikes out swinging
|
Batting: SHB José Estreito
|
0-0: Swinging Strike 0-1: Ball 1-1: Swinging Strike 1-2: Ball 2-2: Foul Ball, location: 2F 2-2: Ball 3-2: Fielders Choice at 2nd, 4-6 (Groundball, 4M)
|
Batting: RHB José Colón
|
0-0: Ball 1-0: Called Strike 1-1: Called Strike José Estreito steals 2nd base 1-2: Ball 2-2: SINGLE (Line Drive, 8RS) José Estreito to third Runner from 3rd tries for Home, SAFE, no throw
|
Batting: RHB Felipe Jareńo
|
0-0: Ball 1-0: Foul Ball, location: 2F 1-1: Called Strike 1-2: Fly out, F9 (Flyball, 9LM)
|
Bottom of the 7th over - 1 run(s), 1 hit(s), 0 error(s), 1 left on base; Mile High 5 - District 9 13 |
TOP OF THE 8TH |
Mile High Broncos batting - Pitching for District 9 Prawns : RHP Fernando Mendoza
|
Now at 1B: Mike Davis
|
|
Now at SS: Boyd Pittman
|
|
Batting: RHB Luis Alvarado
|
0-0: Called Strike 0-1: Ball 1-1: Swinging Strike 1-2: Foul Ball, location: 2F 1-2: Ball 2-2: Strikes out looking
|
Batting: RHB Rodney González
|
0-0: Fly out, F7 (Flyball, 7S)
|
Batting: RHB Edward Williams
|
0-0: Fly out, F8 (Line Drive, 8LM)
|
Top of the 8th over - 0 run(s), 0 hit(s), 0 error(s), 0 left on base; Mile High 5 - District 9 13 |
BOTTOM OF THE 8TH |
District 9 Prawns batting - Pitching for Mile High Broncos : RHP Hokusai Nakashima
|
Batting: RHB Jesús Cruz
|
0-0: Ground out 6-3 (Groundball, 56)
|
Batting: RHB Reynold Akker
|
0-0: Ball 1-0: Called Strike 1-1: Ball 2-1: Ball 3-1: Base on Balls
|
Batting: LHB Al Bartlett
|
0-0: Swinging Strike 0-1: Foul Ball, location: 2F 0-2: Ball 1-2: Fly out, F8 (Flyball, 8LM)
|
Batting: RHB Gil Palmer
|
0-0: Ball 1-0: Fielders Choice at 2nd, 6-4 (Groundball, 6)
|
Bottom of the 8th over - 0 run(s), 0 hit(s), 0 error(s), 0 left on base; Mile High 5 - District 9 13 |
TOP OF THE 9TH |
Mile High Broncos batting - Pitching for District 9 Prawns : RHP Fernando Mendoza
|
Batting: SHB Pedro Martínez
|
0-0: SINGLE (Line Drive, 8RS)
|
Batting: LHB Ernesto López
|
0-0: Called Strike 0-1: Swinging Strike 0-2: Foul Ball, location: 2F 0-2: Ball 1-2: Ball 2-2: Ball 3-2: Foul Ball, location: 2F 3-2: Foul Ball, location: 2F 3-2: Strikes out swinging
|
Batting: RHB Evan Robinson
|
Pickoff Throw to First - Error! E1 Pedro Martínez to second 0-0: Ground out 6-3 (Groundball, 6)
|
Batting: LHB Dave Cook
|
0-0: Swinging Strike 0-1: Foul Ball, location: 2F 0-2: Ball 1-2: Ball 2-2: Foul Ball, location: 2F 2-2: Ball 3-2: Ground out 4-3 (Groundball, 4)
|
Top of the 9th over - 0 run(s), 1 hit(s), 1 error(s), 1 left on base; Mile High 5 - District 9 13 |
|